 Dungeon Sprint DCSS version 0.21-a0-125-gb006224 (webtiles) character file.

35696 minicreteconcrete the Brawler (level 13, -24/119 HPs)
             Began as a Troll Fighter on July 14, 2017.
             Was the Champion of Cheibriados.
             Annihilated by a vampire knight
             ... wielding a +0 battleaxe
              (33 damage)
             ... while paralysed by a vampire knight
             ... in the Dungeon (Sprint IX: "|||||||||||||||||||||||||||||").
             The game lasted 00:11:59 (1262 turns).

minicreteconcrete the Brawler (Troll Fighter)       Turns: 1262, Time: 00:11:59

Health: -24/119    AC: 11    Str: 42    XL:     13   Next: 49%
Magic:  14/19      EV:  1    Int: 19    God:    Cheibriados [******]
Gold:   1471       SH:  0    Dex: 28    Spells: 12/12 levels left

rFire    + + .     SeeInvis .     - Unarmed
rCold    + . .     Gourm    +   F - +2 shield of Resistance {rF+ rC+ MR+}
rNeg     . . .     Faith    .   E - +0 troll leather armour
rPois    +         Spirit   .   (helmet restricted)
rElec    .         Reflect  .   L - +1 cloak
rCorr    .         Harm     .   (gloves unavailable)
MR       +....     NoTele   +   (boots unavailable)
Stlth    ++........             (no amulet)
HPRegen  1.09/turn              s - +2 ring of protection
MPRegen  0.16/turn              I - ring of protection from fire

@: paralysed, very slow
A: unfitting armour, claws 3, blurry vision 1, fast metabolism 3, frail 1,
gourmand, low mp 1, mutation resistance 1, poison resistance, regeneration 1,
shaggy fur 1, tough skin 2
a: Bend Time, Temporal Distortion, Slouch, Step From Time, Renounce Religion


You were in the Dungeon.
You worshipped Cheibriados.
Cheibriados was exalted by your worship.
You were full.

You visited 1 branch You collected 1923 gold pieces.
You spent 452 gold pieces at shops.

Inventory:

Hand Weapons
 o - a +1 broad axe of flaming
 K - the +6 arbalest "Damnation" {damnation}
   (You found it in the Dungeon)
Missiles
 v - 5 large rocks (quivered)
 P - 27 bolts
Armour
 a - a +0 robe
 b - a +0 shield
 p - a +0 cloak
 q - a +0 helmet
 r - a +2 ring mail
 E - a +0 troll leather armour (worn)
 F - the +2 shield of Resistance (worn) {rF+ rC+ MR+}
   (You bought it in a shop in the Dungeon)

   It protects you from fire.
   It protects you from cold.
   It affects your resistance to hostile enchantments.
 L - a +1 cloak (worn)
 M - +1 fire dragon scales
Magical Staves
 n - an uncursed staff of energy
Jewellery
 s - a +2 ring of protection (left claw)
 t - a +2 ring of protection
 x - an uncursed ring of magical power
 G - an uncursed ring of ice
 H - an uncursed ring of ice
 I - a ring of protection from fire (right claw)
 J - an uncursed ring of protection from cold
Wands
 m - a wand of acid (0/15)
Scrolls
 j - 2 scrolls of blinking
 k - 4 scrolls of remove curse
 l - 2 scrolls of amnesia
 u - 3 scrolls of enchant armour
 y - 4 scrolls of enchant weapon
 z - a scroll of recharging
 A - a scroll of fog
 B - 3 scrolls of fear
Potions
 c - a potion of might
 e - 8 potions of curing
 f - 12 potions of heal wounds
 g - 2 potions of haste
 h - 4 potions of magic
 i - a potion of invisibility
 w - a potion of agility
 N - a potion of brilliance
Comestibles
 d - 14 bread rations
 C - 40 fruits
 D - 12 meat rations


   Skills:
 + Level 9.8 Fighting
 + Level 3.0 Throwing
 + Level 4.3 Armour
 + Level 13.2 Dodging
 - Level 0.5 Stealth
 + Level 13.9 Shields
 + Level 20.4 Unarmed Combat
 * Level 13.5 Invocations
 - Level 2.1 Evocations


You had 12 spell levels left.
You didn't know any spells.

Dungeon Overview and Level Annotations

Branches:
Dungeon (1/1)

Altars:
Cheibriados
Dithmenos
Elyvilon
Fedhas
Gozag
Hepliaklqana
Kikubaaqudgha
Makhleb
Nemelex Xobeh
Okawaru
Qazlal
Ru
Sif Muna
Trog
Uskayaw
Vehumet
Wu Jian
Xom
Yredelemnul
Zin
The Shining One
Beogh
Jiyva
Lugonu

Shops:
D ?(*[


Innate Abilities, Weirdness & Mutations

You are too large for most types of armour.
You have claws for hands.
Your metabolism is lightning-fast.
You like to eat raw meat.
Your natural rate of healing is unusually fast.
You are covered in fur. (AC +1)
You have very tough skin. (AC +2)
Scrolls take you a little longer to read.
You are frail. (-10% HP)
Your magical capacity is low. (-10% MP)
You are somewhat resistant to further mutation.
Your system is resistant to poisons. (rPois)


Message History

Your Throwing skill increases to level 3!
You feel somewhat less full.
The vampire knight hits you with a battleaxe!
You block the vampire knight's attack.
Unknown command.
You scratch the vampire knight.
The vampire knight is moderately damaged.
The ettin misses you. The ettin hits you with a dire flail!!
An ice dragon comes into view.
The ice dragon roars deafeningly!
You mangle the vampire knight!!
The vampire knight is severely damaged.
The vampire knight points at you and mumbles some strange words.
You suddenly lose the ability to move!
The ettin hits you with a dire flail!!
* * * LOW HITPOINT WARNING * * *
The ettin hits you with a dire flail!!
* * * LOW HITPOINT WARNING * * *
The vampire knight hits you with a battleaxe!!
You die...

.▓.▓)▓.▓'▓.▓.▓.▓.▓
.▓.▓.▓.▓.▓.▓.▓.▓.▓
.▓.▓.▓.▓.▓.▓.▓.▓.▓
.▓.▓.▓.▓.▓.▓.▓.▓.▓
.▓.▓)▓.▓.▓.▓.▓.▓.▓
.▓.▓)▓.▓.▓.▓.▓.▓.▓
.▓.▓)▓.▓)▓.▓'▓.▓.▓
.▓.▓)▓.▓)▓.▓)▓.▓V▓
.▓.▓.▓.▓)▓.▓(▓.▓@▓
.▓.▓)▓.▓)▓.▓(▓.▓C▓
.▓)▓)▓.▓)▓.▓(▓.▓D▓
.▓.▓.▓.▓)▓.▓)▓.▓T▓
'▓†▓.▓.▓)▓.▓.▓.▓.▓
.▓†▓.▓.▓.▓.▓§▓.▓c▓
†▓.▓)▓.▓.▓.▓§▓.▓R▓
.▓.▓)▓.▓[▓.▓.▓.▓D▓
.▓.▓.▓.▓[▓.♣'♣.▓


You could see 2 ice dragons, a yaktaur captain, a vampire knight, an ettin, a
rakshasa and a deep troll earth mage.

Vanquished Creatures
  Nessos (D)
  Azrael (D)
  A spark wasp (D)
  A merfolk impaler (D)
  A merfolk avatar (D)
  A two-headed ogre (D)
  An ice dragon (D)
  An anaconda (D)
  2 ghost crabs (D)
  5 ogre magi (D)
  An alligator (D)
  Urug (D)
  A tengu warrior (D)
  A spriggan berserker (D)
  A naga sharpshooter (D)
  A salamander mystic (D)
  A sea snake (D)
  4 deep trolls (D)
  5 orc knights (D)
  An orc sorcerer (D)
  A mana viper (D)
  4 wolf spiders (D)
  2 cyclopes (D)
  4 manticores (D)
  3 black mambas (D)
  An elephant (D)
  A naga mage (D)
  3 spiny frogs (D)
  A yaktaur (shapeshifter) (D)
  A yaktaur (D)
  A merfolk (D)
  A tengu conjurer (D)
  5 trolls (D)
  A jumping spider (D)
  A slime creature (D)
  A wind drake (D)
  A hornet (D)
  A bog body (D)
  5 hippogriffs (D)
  3 redbacks (D)
  A tarantella (D)
  A water elemental (D)
  A wyvern (D)
  2 yaks (D)
  A vampire mosquito (D)
  3 fire elementals (D)
  Grum (D)
  2 wargs (D)
  A hungry ghost (D)
  A soldier ant (D)
  4 hell hounds (D)
  3 water moccasins (D)
  A porcupine (D)
  2 swamp drakes (D)
  7 orc warriors (D)
  A black bear (D)
  A sky beast (D)
  An ogre (D)
  A centaur (D)
  8 wolves (D)
  2 crocodiles (D)
  3 bullfrogs (D)
  2 crimson imps (D)
  A hound (D)
  A quasit (D)
  3 orc priests (D)
  4 orc wizards (D)
  A worker ant (D)
  6 orcs (D)
  A bat skeleton (D)
  A bat zombie (D)
  A frilled lizard (D)
  3 kobolds (D)
  A rat (D)
146 creatures vanquished.

Vanquished Creatures (others)
  An alligator (D)
  An unseen horror (D)
  A naga mage (D)
3 creatures vanquished.

Grand Total: 149 creatures vanquished

Notes
Turn   | Place    | Note
-------+----------+-------------------------------------------
     0 | D        | minicreteconcrete the Troll Fighter began the quest for the Orb.
     0 | D        | Reached XP level 1. HP: 22/22 MP: 0/0
    19 | D        | Noticed a sky beast
    19 | D        | Noticed an ogre
    19 | D        | Noticed a worker ant
    19 | D        | Noticed a hound
    22 | D        | Killed a sky beast
    22 | D        | Reached skill level 3 in Unarmed Combat
    22 | D        | Reached XP level 2. HP: 33/33 MP: 1/1
    22 | D        | Reached XP level 3. HP: 40/40 MP: 2/2
    22 | D        | Reached XP level 4. HP: 49/49 MP: 3/3
    25 | D        | Killed an ogre
    25 | D        | Reached skill level 5 in Fighting
    25 | D        | Reached skill level 5 in Dodging
    25 | D        | Reached skill level 5 in Shields
    25 | D        | Reached skill level 4 in Unarmed Combat
    25 | D        | Reached XP level 5. HP: 56/57 MP: 4/4
    33 | D        | Gained mutation: You are frail. (-10% HP) [mutagenic meat]
    34 | D        | Gained mutation: Scrolls take you a little longer to read. [mutagenic meat]
    35 | D        | Gained mutation: You are somewhat resistant to further mutation. [mutagenic meat]
    36 | D        | Gained mutation: Your magical capacity is low. (-10% MP) [mutagenic meat]
    43 | D        | Found a roughly hewn altar of Beogh.
    43 | D        | Found a snail-covered altar of Cheibriados.
    43 | D        | Found a shadowy altar of Dithmenos.
    43 | D        | Found a white marble altar of Elyvilon.
    43 | D        | Found a blossoming altar of Fedhas.
    43 | D        | Found an opulent altar of Gozag.
    44 | D        | Found a hazy altar of Hepliaklqana.
    45 | D        | Found a viscous altar of Jiyva.
    46 | D        | Found an ancient bone altar of Kikubaaqudgha.
    47 | D        | Became a worshipper of Cheibriados the Contemplative
    48 | D        | Found a corrupted altar of Lugonu.
    49 | D        | Found a burning altar of Makhleb.
    50 | D        | Found a sparkling altar of Nemelex Xobeh.
    51 | D        | Found an iron altar of Okawaru.
    52 | D        | Found a stormy altar of Qazlal.
    53 | D        | Found a sacrificial altar of Ru.
    54 | D        | Found a deep blue altar of Sif Muna.
    55 | D        | Found a bloodstained altar of Trog.
    56 | D        | Found a hide-covered altar of Uskayaw.
    57 | D        | Found a radiant altar of Vehumet.
    58 | D        | Found an ornate altar of the Wu Jian Council.
    59 | D        | Found a shimmering altar of Xom.
    60 | D        | Found a basalt altar of Yredelemnul.
    61 | D        | Found a glowing silver altar of Zin.
    62 | D        | Found a glowing golden altar of the Shining One.
    98 | D        | Noticed a hippogriff
    98 | D        | Noticed a hungry ghost
    98 | D        | Noticed a two-headed ogre
    98 | D        | Noticed a hippogriff
    98 | D        | Noticed a black bear
   106 | D        | Killed a hippogriff
   106 | D        | Reached skill level 6 in Unarmed Combat
   106 | D        | Reached XP level 6. HP: 26/61 MP: 4/4
   108 | D        | Killed a hippogriff
   108 | D        | Reached * piety under Cheibriados
   108 | D        | Reached XP level 7. HP: 32/70 MP: 5/5
   112 | D        | Killed a hungry ghost
   112 | D        | Reached skill level 7 in Unarmed Combat
   113 | D        | Killed a two-headed ogre
   113 | D        | Reached ** piety under Cheibriados
   113 | D        | Reached skill level 8 in Unarmed Combat
   113 | D        | Reached skill level 1 in Evocations
   113 | D        | Reached XP level 8. HP: 39/79 MP: 5/7
   128 | D        | Noticed a cyclops
   128 | D        | Noticed a tengu warrior
   132 | D        | Killed a cyclops
   132 | D        | Reached skill level 9 in Unarmed Combat
   132 | D        | Reached *** piety under Cheibriados
   135 | D        | Killed a tengu warrior
   135 | D        | Reached skill level 10 in Unarmed Combat
   135 | D        | Reached XP level 9. HP: 40/88 MP: 8/8
   144 | D        | Reached **** piety under Cheibriados
   150 | D        | Reached skill level 10 in Dodging
   266 | D        | Noticed a spiny frog
   269 | D        | Reached ***** piety under Cheibriados
   272 | D        | Reached skill level 11 in Unarmed Combat
   285 | D        | Reached skill level 10 in Shields
   295 | D        | Killed a spiny frog
   295 | D        | Reached skill level 12 in Unarmed Combat
   297 | D        | Reached ****** piety under Cheibriados
   297 | D        | Reached XP level 10. HP: 58/96 MP: 9/9
   314 | D        | Noticed a spiny frog
   314 | D        | Noticed a spiny frog
   318 | D        | Noticed an elephant
   319 | D        | Killed a spiny frog
   328 | D        | Reached skill level 1 in Invocations
   333 | D        | Killed a spiny frog
   333 | D        | Reached skill level 13 in Unarmed Combat
   340 | D        | Killed an elephant
   442 | D        | Noticed Urug
   450 | D        | Killed Urug
   450 | D        | Reached skill level 14 in Unarmed Combat
   470 | D        | Noticed Grum
   477 | D        | Killed Grum
   514 | D        | Noticed an orc knight
   520 | D        | Reached skill level 5 in Invocations
   530 | D        | Killed an orc knight
   530 | D        | Reached XP level 11. HP: 73/103 MP: 7/12
   533 | D        | Reached skill level 15 in Unarmed Combat
   563 | D        | Noticed an orc knight
   563 | D        | Noticed an orc knight
   563 | D        | Noticed an orc sorcerer
   566 | D        | Killed an orc sorcerer
   569 | D        | Noticed an orc knight
   570 | D        | Killed an orc knight
   571 | D        | Killed an orc knight
   578 | D        | Killed an orc knight
   580 | D        | Reached skill level 16 in Unarmed Combat
   589 | D        | Noticed an orc knight
   595 | D        | Killed an orc knight
   611 | D        | Found Elayl's Magic Scroll Emporium.
   611 | D        | Noticed an ogre mage
   611 | D        | Noticed an ogre mage
   611 | D        | Noticed an ogre mage
   614 | D        | Killed an ogre mage
   616 | D        | Noticed a deep troll
   619 | D        | Killed an ogre mage
   619 | D        | Reached skill level 1 in Throwing
   626 | D        | Killed an ogre mage
   626 | D        | Reached skill level 17 in Unarmed Combat
   633 | D        | Killed a deep troll
   634 | D        | Found Uggakah's Weapon Shoppe.
   653 | D        | Found Ciggen's General Store.
   657 | D        | Found Pesoraiv's Armour Shoppe.
   659 | D        | Noticed a deep troll
   662 | D        | Noticed an ogre mage
   664 | D        | Noticed a deep troll
   664 | D        | Killed a deep troll
   665 | D        | Noticed a deep troll
   670 | D        | Killed an ogre mage
   670 | D        | Reached XP level 12. HP: 111/111 MP: 8/15
   683 | D        | Bought the +2 shield of Resistance {rF+ rC+ MR+} for 452 gold pieces
   856 | D        | Reached skill level 18 in Unarmed Combat
   862 | D        | Noticed a spark wasp
   870 | D        | Noticed an ice dragon
   870 | D        | Reached skill level 1 in Armour
   875 | D        | Noticed an ogre mage
   884 | D        | Killed a spark wasp
   884 | D        | Reached skill level 10 in Invocations
   889 | D        | Killed an ice dragon
   892 | D        | Killed an ogre mage
   901 | D        | Gained mutation: Your system is resistant to poisons. (rPois) [mutagenic meat]
   957 | D        | Noticed Nessos
   961 | D        | Killed Nessos
  1008 | D        | Noticed an anaconda
  1011 | D        | Killed an anaconda
  1019 | D        | Reached skill level 19 in Unarmed Combat
  1040 | D        | Noticed an alligator
  1040 | D        | Noticed a ghost crab
  1044 | D        | Killed an alligator
  1045 | D        | Killed a ghost crab
  1045 | D        | Reached XP level 13. HP: 94/118 MP: 6/18
  1073 | D        | Noticed a merfolk impaler
  1098 | D        | Killed a merfolk impaler
  1102 | D        | Reached skill level 20 in Unarmed Combat
  1190 | D        | Noticed Azrael
  1200 | D        | Killed Azrael
  1257 | D        | Noticed an ettin
  1257 | D        | Noticed a vampire knight
  1261 | D        | Paralysed by a vampire knight for 5 turns
  1262 | D        | Annihilated by a vampire knight

Vault maps used:
D:        linesprint

Skill      XL: |  1  2  3  4  5  6  7  8  9 10 11 12 13 |
---------------+----------------------------------------+-----
Fighting       | 4 5 6 7 8 9 |  9.8
Dodging        | 4 5 6 7 8 9 10 11 12 13 | 13.2
Shields        | 4 5 6 7 8 9 10 11 12 13 | 13.9
Unarmed Combat | 3 4 6 8 10 12 14 17 19 20 | 20.4
Evocations     | 1 2 |  2.1
Invocations    | 5 9 11 13 | 13.5
Throwing       | 2 3 |  3.0
Armour         | 3 4 |  4.3
Stealth        | |  0.5

Action                   |  1- 3 |  4- 6 |  7- 9 | 10-12 | 13-15 || total
-------------------------+-------+-------+-------+-------+-------++-------
Melee: Unarmed           |     9 |    11 |    57 |   196 |    68 ||   341
Throw: Large rock        |       |       |       |     5 |     3 ||     8
Invok: Slouch            |       |       |       |    10 |     7 ||    17
Evoke: Wand              |       |     3 |     4 |       |       ||     7
  Use: Potion            |     1 |       |       |       |       ||     1
 Stab: Sleeping          |       |       |       |     1 |       ||     1
  Eat: Chunk             |       |     6 |     1 |    11 |     3 ||    21
Armor: Robe              |     3 |     3 |     8 |     6 |       ||    20
       Troll leather arm |       |       |       |    10 |    12 ||    22
Dodge: Dodged            |     1 |     6 |    17 |    82 |    34 ||   140
Block: Shield            |     3 |     6 |    27 |   106 |    39 ||   181
